[Event "48th Ciutat de Badalona Open 2024"]
[Site "Badalona"]
[Date "2024.08.04"]
[Round "3.2"]
[White "Pawar, Harshit"]
[Black "Perpinya Rofes, Lluis Maria"]
[Result "1/2-1/2"]
[ECO "B23"]
[WhiteElo "2284"]
[BlackElo "2189"]
[Annotator "RC"]
[PlyCount "97"]
[EventDate "2024.07.29"]
[EventCountry "ESP"]
[SourceTitle "playchess.com"]
[Source "ChessBase"]
[SourceQuality "1"]
[TimeControl "5400+30"]

1. e4 c5 2. Nc3 Nc6 3. Bb5 Nd4 4. Bc4 e6 5. Nge2 Nf6 6. O-O b5 7. Nxd4 bxc4 8. Nf3 Be7 9. Qe2 O-O 10. Ne5 Bb7 11. Nxc4 d5 12. exd5 exd5 13. Na5 Qxa5 14. Qxe7 Ba6 15. d3 Rfe8 16. Qd6 Rad8 17. Qg3 d4 18. Bg5 Kh8 19. Bxf6 gxf6 20. Ne4 Rxe4 21. dxe4 Bxf1 22. Rxf1 c4 23. h4 d3 24. cxd3 cxd3 25. Qf4 Kg7 26. a3 Qh5 27. Qc7 Rd4 28. Qg3+ Kf8 29. Qe3 Rd7 30. f3 Qb5 31. Rf2 Kg7 32. Rd2 a5 33. Kf2 a4 34. f4 Qc4 35. Kg3 Rd4 36. Kf3 Rd7 37. Qe1 Rb7 38. g4 h6 39. e5 fxe5 40. Qxe5+ Kg8 41. Qe8+ Kg7 42. Qe4 Qc1 43. Qd4+ Kg8 44. Rxd3 Rxb2 45. Ke4 Re2+ 46. Kf5 Qc8+ 47. Qd7 Qc5+ 48. Qd5 Qc8+ 49. Qd7 1/2-1/2

[Event "48th Ciutat de Badalona Open 2024"]
[Site "Badalona"]
[Date "2024.08.04"]
[Round "3.3"]
[White "Nieto Farreny, Francesc"]
[Black "Chavez Suarez, Carlos Alberto"]
[Result "0-1"]
[ECO "D64"]
[WhiteElo "2182"]
[BlackElo "2279"]
[Annotator "RC"]
[PlyCount "84"]
[EventDate "2024.07.29"]
[EventCountry "ESP"]
[SourceTitle "playchess.com"]
[Source "ChessBase"]
[SourceQuality "1"]
[TimeControl "5400+30"]

1. d4 Nf6 2. c4 e6 3. Nc3 d5 4. Bg5 c6 5. e3 Nbd7 6. Nf3 a6 7. Rc1 Be7 8. Qc2 O-O 9. Bd3 dxc4 10. Bxc4 b5 11. Bd3 c5 12. Bxf6 Nxf6 13. dxc5 Bxc5 14. Ng5 h6 15. h4 Bb7 16. Bh7+ Kh8 17. Be4 Nxe4 18. Ncxe4 Bb4+ 19. Nc3 g6 20. a3 Be7 21. Nf3 Rc8 22. h5 g5 23. O-O Bd6 24. Rfd1 Qe7 25. Nd4 g4 26. Nde2 Be5 27. Nf4 Rg8 28. g3 Rg5 29. Qd3 Bxf4 30. exf4 Rxh5 31. Ne4 Rxc1 32. Rxc1 f5 33. Qd4+ e5 34. fxe5 Bxe4 35. e6+ Kh7 36. f3 Bxf3 37. Qd7 Rh1+ 38. Kf2 Rh2+ 39. Kg1 Qxd7 40. exd7 Rd2 41. Rc7 Kg6 42. Ra7 Kg5 0-1

[Event "48th Ciutat de Badalona Open 2024"]
[Site "Badalona"]
[Date "2024.08.04"]
[Round "3.4"]
[White "Nagare Kaivalya Sandip"]
[Black "Kshatriya Nitin Vekhande"]
[Result "1-0"]
[ECO "B51"]
[WhiteElo "2273"]
[BlackElo "2173"]
[Annotator "RC"]
[PlyCount "91"]
[EventDate "2024.07.29"]
[EventCountry "ESP"]
[SourceTitle "playchess.com"]
[Source "ChessBase"]
[SourceQuality "1"]
[TimeControl "5400+30"]

1. e4 c5 2. Nf3 d6 3. Bb5+ Nc6 4. O-O Bd7 5. Re1 a6 6. Bxc6 Bxc6 7. d4 cxd4 8. Nxd4 e6 9. Nxc6 bxc6 10. Qf3 Qc7 11. c4 Be7 12. Nc3 Nf6 13. Qg3 O-O 14. c5 e5 15. cxd6 Qxd6 16. Qf3 Rfd8 17. Qe2 Qb4 18. Bg5 h6 19. Bh4 a5 20. Bg3 Nd7 21. Rad1 Bf6 22. a3 Qb3 23. Rd6 Rac8 24. Red1 Nc5 25. Rxd8+ Rxd8 26. Rxd8+ Bxd8 27. Bxe5 Ne6 28. Qd2 Bb6 29. h3 f6 30. Bg3 Bd4 31. Kh2 Bxc3 32. bxc3 Qxa3 33. Qd7 Ng5 34. Qxc6 Qa2 35. h4 Nf7 36. c4 Ne5 37. Qd5+ Kh7 38. c5 Qb2 39. c6 Qc2 40. Bxe5 fxe5 41. Qd7 Qxe4 42. c7 Qf4+ 43. Kh3 Qxf2 44. Qd3+ e4 45. Qxe4+ g6 46. Qe7+ 1-0

[Event "48th Ciutat de Badalona Open 2024"]
[Site "Badalona"]
[Date "2024.08.04"]
[Round "3.5"]
[White "Diaz Perez, Michel Alejandro"]
[Black "Singh, Siddharth"]
[Result "1-0"]
[ECO "B90"]
[WhiteElo "2487"]
[BlackElo "2130"]
[Annotator "RC"]
[PlyCount "83"]
[EventDate "2024.07.29"]
[EventCountry "ESP"]
[SourceTitle "playchess.com"]
[Source "ChessBase"]
[SourceQuality "1"]
[TimeControl "5400+30"]

1. e4 c5 2. Nf3 d6 3. d4 cxd4 4. Nxd4 Nf6 5. Nc3 a6 6. a4 e5 7. Nf3 Be7 8. Bc4 Be6 9. Bb3 h6 10. O-O O-O 11. Qe2 Nbd7 12. Be3 Rc8 13. Nd2 Qc7 14. a5 Nc5 15. Bxc5 Qxc5 16. Qf3 Nd7 17. Rfd1 Qc7 18. Nf1 Nc5 19. Nd5 Bxd5 20. Bxd5 Nd7 21. Ne3 Bg5 22. Nf5 g6 23. h4 Bd8 24. Bxf7+ Kxf7 25. Qb3+ d5 26. Rxd5 gxf5 27. Rxd7+ Kf6 28. Rxc7 Rxc7 29. exf5 Re8 30. Rd1 Kxf5 31. Rd6 e4 32. Qh3+ Ke5 33. Qg3+ Kf5 34. Rxd8 Rxd8 35. Qxc7 Rd5 36. Qxb7 Re5 37. Qxa6 h5 38. Qc8+ Kf4 39. Qc7 e3 40. fxe3+ Kg4 41. Qxe5 Kxh4 42. Qf4# 1-0

[Event "48th Ciutat de Badalona Open 2024"]
[Site "Badalona"]
[Date "2024.08.04"]
[Round "3.6"]
[White "Vitier Vazquez, Cristian"]
[Black "Vedant Nitin vekhande"]
[Result "1-0"]
[ECO "E05"]
[WhiteElo "2357"]
[BlackElo "2161"]
[Annotator "RC"]
[PlyCount "61"]
[EventDate "2024.07.29"]
[EventCountry "ESP"]
[SourceTitle "playchess.com"]
[Source "ChessBase"]
[SourceQuality "1"]
[TimeControl "5400+30"]

1. d4 Nf6 2. Nf3 d5 3. c4 e6 4. g3 Be7 5. Bg2 O-O 6. O-O dxc4 7. Qc2 a6 8. a4 Bd7 9. Qxc4 Bc6 10. Bg5 Nbd7 11. Nc3 a5 12. Rfe1 Ne4 13. Nxe4 Bxe4 14. Bxe7 Qxe7 15. Qxc7 Rfc8 16. Qf4 Nf6 17. Rec1 Qb4 18. Qd2 Rxc1+ 19. Qxc1 Nd5 20. Qd2 Rc8 21. Rc1 Rxc1+ 22. Qxc1 g6 23. Ng5 Bxg2 24. Kxg2 Kg7 25. e4 Ne7 26. Qf4 f5 27. Qe5+ Kh6 28. Nf7+ Kh5 29. g4+ Kxg4 30. Qg3+ Kh5 31. Qg5# 1-0

[Event "48th Ciutat de Badalona Open 2024"]
[Site "Badalona"]
[Date "2024.08.04"]
[Round "3.7"]
[White "Sviridenko, Yaroslav"]
[Black "Utsab Chatterjee"]
[Result "0-1"]
[ECO "B51"]
[WhiteElo "2076"]
[BlackElo "2289"]
[Annotator "RC"]
[PlyCount "114"]
[EventDate "2024.07.29"]
[EventCountry "ESP"]
[SourceTitle "playchess.com"]
[Source "ChessBase"]
[SourceQuality "1"]
[TimeControl "5400+30"]

1. e4 c5 2. Nf3 d6 3. Bb5+ Nd7 4. d4 cxd4 5. Qxd4 a6 6. Be2 Ngf6 7. O-O e5 8. Qe3 Nc5 9. Nfd2 Bd7 10. c4 Rc8 11. Nc3 Ne6 12. Nb3 Nf4 13. Rd1 Ng4 14. Bxg4 Bxg4 15. f3 Be6 16. Nd5 Bxd5 17. cxd5 Qg5 18. Qd2 Be7 19. Kh1 O-O 20. g3 Nh3 21. Qxg5 Nxg5 22. Kg2 h5 23. h4 Nh7 24. Be3 Rc2+ 25. Rd2 Rfc8 26. Rad1 Bd8 27. Rxc2 Rxc2+ 28. Rd2 Rc4 29. Rd3 g6 30. Rc3 Rxc3 31. bxc3 b5 32. Kf2 f5 33. Ke2 Kf7 34. Kd3 Nf6 35. Nd2 Nd7 36. c4 Ba5 37. Bf2 Bb4 38. Nb3 Kf6 39. Na1 Nc5+ 40. Bxc5 bxc4+ 41. Ke2 Bxc5 42. Nc2 f4 43. g4 g5 44. hxg5+ Kxg5 45. gxh5 Kxh5 46. Kd2 Kh4 47. Ke2 a5 48. Kf1 Kg5 49. a4 Kf6 50. Kg2 Ke7 51. Kh3 Kd7 52. Kg4 Kc7 53. Kf5 Kb6 54. Ke6 Bb4 55. Nxb4 axb4 56. Kxd6 c3 57. a5+ Kxa5 0-1

[Event "48th Ciutat de Badalona Open 2024"]
[Site "Badalona"]
[Date "2024.08.04"]
[Round "3.8"]
[White "Roa Ribera, Alvaro"]
[Black "Blasco Coll, Andreu"]
[Result "0-1"]
[ECO "C79"]
[WhiteElo "1949"]
[BlackElo "2260"]
[Annotator "RC"]
[PlyCount "72"]
[EventDate "2024.07.29"]
[EventCountry "ESP"]
[SourceTitle "playchess.com"]
[Source "ChessBase"]
[SourceQuality "1"]
[TimeControl "5400+30"]

1. e4 e5 2. Nf3 Nc6 3. Bb5 a6 4. Ba4 Nf6 5. O-O d6 6. Re1 Bd7 7. c3 g6 8. d4 Bg7 9. d5 Ne7 10. Bxd7+ Nxd7 11. c4 O-O 12. Be3 h6 13. Nfd2 f5 14. f3 Kh7 15. Nc3 Bf6 16. b4 Bh4 17. g3 f4 18. Bf2 fxg3 19. hxg3 Bg5 20. Nb3 Rf6 21. c5 Qf8 22. Kg2 Qf7 23. Bg1 Rf8 24. Rf1 h5 25. cxd6 cxd6 26. b5 h4 27. bxa6 bxa6 28. Na5 hxg3 29. Rb1 Rb8 30. Qd3 Bf4 31. Nc6 g5 32. Nxe7 Qxe7 33. Qxa6 Rh8 34. Rb7 Kg6 35. Qa7 Qh7 36. Rd1 Qh3# 0-1

[Event "48th Ciutat de Badalona Open 2024"]
[Site "Badalona"]
[Date "2024.08.04"]
[Round "3.9"]
[White "Costa Trave, Jaume"]
[Black "Daimiel Bescos, Eleuterio"]
[Result "1/2-1/2"]
[ECO "A03"]
[WhiteElo "1805"]
[BlackElo "1895"]
[Annotator "NA RC"]
[PlyCount "57"]
[EventDate "2024.07.29"]
[EventCountry "ESP"]
[SourceTitle "playchess.com"]
[Source "ChessBase"]
[SourceQuality "1"]
[TimeControl "5400+30"]

1. f4 d5 2. Nf3 Bg4 3. e3 e6 4. d4 c5 5. c3 Be7 6. Be2 Nc6 7. O-O Nf6 8. Nbd2 O-O 9. Ne5 Bxe2 10. Qxe2 Rc8 11. Qd3 Nd7 12. Ndf3 c4 13. Qc2 f5 14. Bd2 h6 15. Be1 Nf6 16. h4 Qe8 17. g3 Qh5 18. Qg2 Nxe5 19. Nxe5 a5 20. Rc1 Ng4 21. Qf3 Nf6 22. Rc2 b5 23. a3 Qxf3 24. Rxf3 Kh7 25. Rg2 h5 26. Rff2 a4 27. Nf3 Rc6 28. Re2 g6 29. Ne5 1/2-1/2

[Event "48th Ciutat de Badalona Open 2024"]
[Site "Badalona"]
[Date "2024.08.04"]
[Round "3.10"]
[White "Lozano Ruiz, David"]
[Black "Paez Nunez, David"]
[Result "1/2-1/2"]
[ECO "E12"]
[WhiteElo "1894"]
[BlackElo "1791"]
[Annotator "NA RC"]
[PlyCount "65"]
[EventDate "2024.07.29"]
[EventCountry "ESP"]
[SourceTitle "playchess.com"]
[Source "ChessBase"]
[SourceQuality "1"]
[TimeControl "5400+30"]

1. d4 Nf6 2. c4 b6 3. Nc3 Bb7 4. Nf3 e6 5. Bg5 Be7 6. e3 c5 7. Bd3 O-O 8. O-O Nc6 9. Rc1 h6 10. Bf4 Nh5 11. Ne2 Nb4 12. Bb1 Bxf3 13. gxf3 Nxf4 14. Nxf4 Bg5 15. Nd3 Nxd3 16. Qxd3 g6 17. dxc5 bxc5 18. Rcd1 Qf6 19. f4 Bh4 20. Qe4 Rad8 21. Rd2 d5 22. cxd5 exd5 23. Rxd5 Qxb2 24. Rxd8 Rxd8 25. f5 Qf6 26. fxg6 Qxg6+ 27. Qxg6+ fxg6 28. Bxg6 Rd2 29. Be4 Kg7 30. Bb1 Rb2 31. Kg2 Bxf2 32. Rxf2 Rxb1 33. Rc2 1/2-1/2

[Event "48th Ciutat de Badalona Open 2024"]
[Site "Badalona"]
[Date "2024.08.05"]
[Round "4.1"]
[White "Berdayes Ason, Dylan Isidro"]
[Black "Nagare Kaivalya Sandip"]
[Result "1-0"]
[ECO "C55"]
[WhiteElo "2476"]
[BlackElo "2273"]
[Annotator "TA"]
[PlyCount "47"]
[EventDate "2024.07.29"]
[EventCountry "ESP"]
[SourceTitle "playchess.com"]
[Source "ChessBase"]
[SourceQuality "1"]
[TimeControl "5400+30"]

1. e4 e5 2. Nf3 Nc6 3. Bc4 Nf6 4. d3 Be7 5. O-O O-O 6. Nc3 d6 7. a4 Bg4 8. h3 Bh5 9. Be3 {[%emt 0:00:02] The position is equal.} Nd4 10. Bxd4 exd4 11. Nd5 Nxd5 12. Bxd5 c6 13. Bb3 Bf6 ({Black should play} 13... Bxf3 $14 14. Qxf3 g6) 14. g4 $16 Bg6 15. Nh2 Re8 ({Don't play} 15... d5 16. f4 $16) (15... h6 $14) 16. f4 {[%emt 0:02:05] [#] Threatens to win with g5.} h6 17. Nf3 Qd7 18. Qd2 Re7 $2 {[%emt 0:06:18] This move loses the game for Black.} (18... d5 $16) 19. Rae1 $18 Rae8 20. Qg2 Bh7 (20... Kf8 $142 21. h4 d5) 21. g5 {[%emt 0:00:00] White is clearly winning.} hxg5 22. fxg5 Be5 23. Nxe5 dxe5 24. g6 {[%emt 0:00:00] Weighted Error Value: White=0.02 (flawless) /Black=0.47.  Loses game:     	---       	Black=1      Mistake:       	---       	Black=3      Inaccurate:     	White=1     	Black=1      OK:         	White=10    	Black=5      Best:        	White=4     	---} 1-0

[Event "48th Ciutat de Badalona Open 2024"]
[Site "Badalona"]
[Date "2024.08.05"]
[Round "4.2"]
[White "Chavez Suarez, Carlos Alberto"]
[Black "Diaz Perez, Michel Alejandro"]
[Result "1-0"]
[ECO "C86"]
[WhiteElo "2279"]
[BlackElo "2487"]
[Annotator "TA"]
[PlyCount "101"]
[EventDate "2024.07.29"]
[EventCountry "ESP"]
[SourceTitle "playchess.com"]
[Source "ChessBase"]
[SourceQuality "1"]
[TimeControl "5400+30"]

1. e4 e5 2. Nf3 Nc6 3. Bb5 a6 4. Ba4 Nf6 5. Qe2 b5 6. Bb3 Be7 7. O-O O-O 8. c3 d5 9. exd5 Nxd5 10. Nxe5 Nxe5 (10... Nf4 {keeps more tension.} 11. Qe4 Nxe5 12. d4 Bb7) 11. Qxe5 Bb7 12. d4 Qd7 13. Qh5 {[%emt 0:07:59] The position is equal.} (13. Bc2 {simplifies} Rfe8 14. Qf5 Qxf5 15. Bxf5 Bd6 16. a4) 13... Rae8 {[%emt 0:08:34][%cal Ba8e8,Be8e4,Be4h4][%mdl 1056] Black has compensation.} 14. a4 Bd6 15. Bc2 Nf6 (15... g6 $11 16. Qh4 Be7) 16. Qh4 (16. Qf5 $14) 16... Be4 $11 17. Bxe4 Rxe4 18. Qh3 Qxh3 (18... bxa4 $2 {too greedy.} 19. Qxd7 Nxd7 20. Nd2 $18 (20. Rxa4 Ra8 $18)) 19. gxh3 Rh4 20. Kg2 Nd5 21. axb5 axb5 22. Na3 b4 23. Nb5 Nf4+ 24. Bxf4 Bxf4 25. cxb4 (25. c4 $14) 25... h6 26. Na7 f5 (26... Rb8 $11) 27. Ra3 Rf6 28. Rc3 Kh7 29. Nc6 Bd6 30. Re1 g5 31. d5 g4 32. Re6 Kg7 33. Rxf6 Kxf6 $14 {[%emt 0:00:05][%mdl 4096] Endgame. KRB-KRN} 34. b5 h5 35. Re3 gxh3+ (35... Kg7 $11) 36. Rxh3 $16 Rg4+ 37. Kh1 ({White should try} 37. Kf1 $16) 37... h4 38. Re3 Kg5 $2 {[%emt 0:02:54] [#]} ({Better is} 38... Bc5 $1 $14 39. Re6+ Kg5) 39. h3 Rc4 40. Re6 Bc5 41. Ne5 Rc2 {[%emt 0:00:33][%mdl 8192] Loses the game.} (41... Rc1+ $16 42. Kg2 Rc2) 42. Rc6 $18 {[%emt 0:00:35] [#] Threatens to win with Nd3.} f4 43. Nd3 Rd2 44. Rxc5 {[%emt 0:00:11] KRN-KR} Rd1+ 45. Kg2 {[%emt 0:00:05] White wants to mate with d6+.} f3+ 46. Kxf3 {[%emt 0:00:08] White mates.} Rxd3+ 47. Ke2 Rd4 48. d6+ Kf4 49. dxc7 Re4+ 50. Kf1 Kf3 51. Rf5+ {[%emt 0:00:11] Weighted Error Value: White=0.15 (very precise) /Black=0.49.  Loses game:     	---       	Black=2      Mistake:       	White=3     	Black=3      Inaccurate:     	White=3     	Black=5      OK:         	White=14    	Black=9      Best:        	White=1     	Black=1} 1-0

[Event "48th Ciutat de Badalona Open 2024"]
[Site "Badalona"]
[Date "2024.08.05"]
[Round "4.3"]
[White "Perpinya Rofes, Lluis Maria"]
[Black "Vitier Vazquez, Cristian"]
[Result "0-1"]
[ECO "B03"]
[WhiteElo "2189"]
[BlackElo "2357"]
[Annotator "TA"]
[PlyCount "80"]
[EventDate "2024.07.29"]
[EventCountry "ESP"]
[SourceTitle "playchess.com"]
[Source "ChessBase"]
[SourceQuality "1"]
[TimeControl "5400+30"]

1. e4 Nf6 2. e5 Nd5 3. d4 d6 4. c4 Nb6 5. exd6 cxd6 6. d5 e5 7. Nc3 Be7 8. Bd3 O-O 9. Nge2 Na6 10. Be3 Nb4 11. O-O {[%emt 0:09:06] The position is equal.} f5 12. f3 Nxd3 13. Qxd3 Nd7 14. f4 Nc5 15. Qc2 {[%emt 0:14:30] Black must now prevent Bxc5.} (15. Bxc5 e4 16. Qe3 (16. Nxe4 $2 fxe4 17. Qxe4 dxc5 $19) 16... dxc5 $14) 15... e4 16. a3 a5 17. Rfd1 Bd7 18. b3 Rc8 19. Nc1 Bf6 {[%emt 0:01:20][%cal Ob7b5] ...b5! would now be deadly.} 20. Rb1 (20. a4 $1 $11) 20... b5 $15 21. Qd2 (21. Nxb5 $15 Bxb5 22. cxb5) 21... bxc4 $17 22. bxc4 {[%emt 0:00:13] [#]} Na4 $1 23. N1e2 Nxc3 24. Nxc3 Rxc4 25. Rdc1 Qc8 26. Nb5 (26. Ne2 {was necessary.}) 26... Bxb5 $19 27. Rxb5 Rxc1+ 28. Qxc1 {[%emt 0:00:04] [#]} Bd4 $1 29. Qd2 Qa6 (29... Qc4 $19 {has better winning chances.} 30. Rb1 Bxe3+ 31. Qxe3 Qxd5) 30. a4 $17 Bxe3+ 31. Qxe3 {[%emt 0:00:05][%mdl 4096] Endgame. KQR-KQR} Rc8 32. h3 h6 33. Kh2 (33. Qb6 $17 Qxb6+ 34. Rxb6) 33... Kh7 $19 34. Qd2 (34. Qb6 {was worth a try.} Qxb6 35. Rxb6) 34... Re8 {[%emt 0:00:38] ...e3 is the strong threat.} 35. Qe3 Qa8 36. h4 $2 (36. Kg3) 36... Qd8 37. Kh3 Qc7 {[%emt 0:00:27] Prevents Rb7} 38. Rb3 Qc4 39. Rb7 Qxd5 40. Qg3 $2 (40. Qa7 $19 Qg8 41. Qxa5) 40... Qxb7 {[%emt 0:01:51] Weighted Error Value: White=0.50/Black=0.14 (very precise) .  Mistake:       	White=7     	Black=1      Inaccurate:     	White=3     	Black=2      OK:         	White=4     	Black=14     Best:        	White=1     	Black=3      Strong:       	---       	Black=1} 0-1

[Event "48th Ciutat de Badalona Open 2024"]
[Site "Badalona"]
[Date "2024.08.05"]
[Round "4.4"]
[White "Utsab Chatterjee"]
[Black "Luna Cortes, Luis"]
[Result "1/2-1/2"]
[ECO "B40"]
[WhiteElo "2289"]
[BlackElo "2173"]
[Annotator "NA RC"]
[PlyCount "163"]
[EventDate "2024.07.29"]
[EventCountry "ESP"]
[SourceTitle "playchess.com"]
[Source "ChessBase"]
[SourceQuality "1"]
[TimeControl "5400+30"]

1. e4 c5 2. Nf3 Nc6 3. d4 cxd4 4. Nxd4 Nf6 5. Nc3 e6 6. Nxc6 bxc6 7. Bd3 d5 8. O-O Be7 9. b3 Qa5 10. Bd2 Bb4 11. Qe1 d4 12. Nb1 Bxd2 13. Nxd2 Ba6 14. Qe2 Bxd3 15. cxd3 O-O 16. f4 Nd7 17. Rfc1 c5 18. e5 Rac8 19. Nc4 Qa6 20. Rc2 Nb6 21. Nd6 Nd5 22. Nxc8 Rxc8 23. Rac1 Qa3 24. Qd2 g6 25. Rc4 Nb6 26. Kf2 a5 27. g4 a4 28. b4 Nxc4 29. Rxc4 Rb8 30. bxc5 Kf8 31. Rc2 Rc8 32. c6 Kg7 33. g5 h6 34. gxh6+ Kh7 35. h4 Qf8 36. Kg3 Qxh6 37. Qf2 Qh5 38. Qf3 Qh6 39. Rc4 Qf8 40. Rxa4 Qc5 41. Rc4 Qa5 42. a4 Qe1+ 43. Kh3 Kg7 44. Rc2 Rh8 45. Rf2 Qc3 46. a5 Qxa5 47. Kg3 Qc3 48. Rh2 Qe1+ 49. Qf2 Qc3 50. Qc2 Qe1+ 51. Kg4 Qg1+ 52. Qg2 Qd1+ 53. Qe2 Qg1+ 54. Kf3 Qc1 55. Qe4 Qf1+ 56. Kg3 Qg1+ 57. Rg2 Qc1 58. Qxd4 Qxc6 59. f5 exf5 60. e6+ f6 61. Qa7+ Kh6 62. Qe3+ Kg7 63. Ra2 Qd6+ 64. Qf4 Qxd3+ 65. Kf2 Rc8 66. Ra7+ Kg8 67. Rd7 Qc2+ 68. Rd2 Qc5+ 69. Kf1 Qe5 70. Qxe5 fxe5 71. h5 Kh7 72. Rg2 gxh5 73. Rg5 Re8 74. Rxf5 Rxe6 75. Rxh5+ Kg6 76. Rh8 Ra6 77. Rf8 Ra2 78. Ke1 Kg5 79. Rf7 Kg4 80. Rf8 Ra4 81. Ke2 Ra3 82. Rf7 1/2-1/2

[Event "48th Ciutat de Badalona Open 2024"]
[Site "Badalona"]
[Date "2024.08.05"]
[Round "4.5"]
[White "Blasco Coll, Andreu"]
[Black "Pawar, Harshit"]
[Result "1-0"]
[ECO "C02"]
[WhiteElo "2260"]
[BlackElo "2284"]
[Annotator "RC"]
[PlyCount "65"]
[EventDate "2024.07.29"]
[EventCountry "ESP"]
[SourceTitle "playchess.com"]
[Source "ChessBase"]
[SourceQuality "1"]
[TimeControl "5400+30"]

1. e4 e6 2. d4 d5 3. e5 c5 4. c3 Nc6 5. Nf3 Nge7 6. Na3 cxd4 7. cxd4 Nf5 8. Nc2 Be7 9. Be2 O-O 10. O-O Bd7 11. Kh1 Rc8 12. Bd3 h6 13. g4 Nh4 14. Nxh4 Bxh4 15. f4 f6 16. exf6 Bxf6 17. g5 Bxd4 18. Qh5 Be8 19. Qh3 e5 20. Nxd4 Nxd4 21. gxh6 e4 22. hxg7 Kxg7 23. f5 Nxf5 24. Rxf5 Rxf5 25. Qxf5 Bg6 26. Qe5+ Kh7 27. Be2 Qe8 28. Qf4 d4 29. Qh6+ Kg8 30. Bf4 e3 31. Bf3 Rc6 32. Rg1 Qe6 33. Rxg6+ 1-0

[Event "48th Ciutat de Badalona Open 2024"]
[Site "Badalona"]
[Date "2024.08.05"]
[Round "4.6"]
[White "Huh, Isaak"]
[Black "Cruz, Filemon"]
[Result "0-1"]
[ECO "B03"]
[WhiteElo "2082"]
[BlackElo "2249"]
[Annotator "NA RC"]
[PlyCount "104"]
[EventDate "2024.07.29"]
[EventCountry "ESP"]
[SourceTitle "playchess.com"]
[Source "ChessBase"]
[SourceQuality "1"]
[TimeControl "5400+30"]

1. e4 Nf6 2. e5 Nd5 3. d4 d6 4. c4 Nb6 5. exd6 exd6 6. Bd3 Nc6 7. Ne2 g6 8. O-O Bg7 9. Be3 Nb4 10. b3 d5 11. c5 Nd7 12. Nbc3 Nxd3 13. Qxd3 c6 14. Qd2 O-O 15. Bh6 b6 16. Bxg7 Kxg7 17. cxb6 axb6 18. Rac1 Qf6 19. f4 Qd6 20. f5 Nf6 21. Ng3 h6 22. Na4 Rb8 23. Rf3 Bd7 24. Nb2 Rbe8 25. Nd3 Ne4 26. Qb2 Nxg3 27. f6+ Kh7 28. hxg3 Bf5 29. Ne5 c5 30. Qd2 cxd4 31. Nc6 Be4 32. Rf4 g5 33. Rf2 d3 34. Ne7 Qxg3 35. Re1 Qg4 36. a4 Rd8 37. Qb4 Rfe8 38. Qxb6 Bxg2 39. Rxg2 d2 40. Qf2 dxe1=Q+ 41. Qxe1 Qd4+ 42. Rf2 Rd6 43. Qb1+ Kh8 44. Qf5 Re6 45. Kf1 Re4 46. a5 Qd1+ 47. Kg2 Rg4+ 48. Kh3 Rh4+ 49. Kg2 Qh1+ 50. Kg3 Qg1+ 51. Rg2 Qe3+ 52. Qf3 Rh3+ 0-1

[Event "48th Ciutat de Badalona Open 2024"]
[Site "Badalona"]
[Date "2024.08.05"]
[Round "4.7"]
[White "Marabajan Navas, Saul"]
[Black "Iglesias Romero, Jorge"]
[Result "1/2-1/2"]
[ECO "D31"]
[WhiteElo "2077"]
[BlackElo "2271"]
[Annotator "NA RC"]
[PlyCount "32"]
[EventDate "2024.07.29"]
[EventCountry "ESP"]
[SourceTitle "playchess.com"]
[Source "ChessBase"]
[SourceQuality "1"]
[TimeControl "5400+30"]

1. d4 d5 2. c4 e6 3. Nc3 h6 4. Bf4 Nf6 5. e3 Bd6 6. Nge2 O-O 7. cxd5 exd5 8. Bxd6 Qxd6 9. Nf4 Re8 10. Be2 c6 11. Qc2 Bg4 12. O-O Bxe2 13. Ncxe2 Nbd7 14. Ng3 Ne4 15. Nxe4 Rxe4 16. Nd3 a5 1/2-1/2

[Event "48th Ciutat de Badalona Open 2024"]
[Site "Badalona"]
[Date "2024.08.05"]
[Round "4.8"]
[White "Gutierrez Espinosa, Karen"]
[Black "Escandell Mari, Juan Carlos"]
[Result "1-0"]
[ECO "B33"]
[WhiteElo "2054"]
[BlackElo "2204"]
[Annotator "TA"]
[PlyCount "69"]
[EventDate "2024.07.29"]
[EventCountry "ESP"]
[SourceTitle "playchess.com"]
[Source "ChessBase"]
[SourceQuality "1"]
[TimeControl "5400+30"]

1. e4 c5 2. Nf3 Nc6 3. d4 cxd4 4. Nxd4 Qb6 5. Nb3 Nf6 6. Nc3 e6 7. Be3 Qc7 8. a3 a6 9. Be2 d6 10. O-O Be7 11. f4 b5 12. Bf3 Bb7 13. Qe1 O-O 14. Qg3 Rfe8 15. Rad1 Rac8 {[%emt 0:05:32] The position is equal.} 16. Nd4 (16. h4 $142) 16... Na5 $11 17. f5 {[%emt 0:11:32] [#]} (17. Bd2 $11 {keeps the balance.}) 17... e5 $1 $17 (17... Nc4 18. Bh6 Bf8 19. fxe6 fxe6 20. Bc1) 18. Nde2 Nc4 19. Bc1 {[%emt 0:00:40] [#]} (19. Bh6 $17 {was forced.} Bf8 (19... Nxb2 20. Qxg7#) 20. Bg5) 19... d5 $1 $19 20. exd5 (20. Rxd5 Bxd5) 20... Bc5+ 21. Kh1 {[%emt 0:00:10][%cal Od5d6] [#]} e4 $1 22. Bf4 Bd6 23. Bg4 Bxf4 24. Rxf4 Nxb2 25. Rd4 Qe5 (25... h5 $19 {has better winning chances.} 26. Bh3 (26. d6 $2 Qd7 $19) 26... Qe5) 26. Nxe4 $17 Rxc2 (26... Bxd5 $2 {loses.} 27. Nxf6+ Qxf6 28. Rxd5 $18) ({Much worse is} 26... Nxd5 27. f6 Rxc2 (27... Nxf4 $2 28. Bxc8 Ng6 29. Bxb7 $18) 28. Be6 (28. Bd7 g6 $16) 28... Nxf6 (28... fxe6 29. Qxg7#) (28... g6 29. Bxf7+ Kxf7 30. Qh3 $18) 29. Nxf6+ Kh8 30. Nxe8 $11) 27. Nxf6+ Qxf6 28. Rfe4 Rxe4 (28... Rcc8 $15 {keeps the upper hand.} 29. h3 (29. Rxe8+ Rxe8 $11) 29... Rxe4 30. Rxe4 Bxd5) 29. Rxe4 $18 h5 $2 (29... Kf8) 30. Re8+ $40 {[%emt 0:07:49][%mdl 128] White is up to no good.} Kh7 31. Bxh5 Qxf5 32. Bf3 $2 (32. Bxf7 {Qh4+ would kill now.} Rc1+ 33. Ng1) 32... Rc4 {[%emt 0:01:41][%cal Ob2d3] Inhibits Qh4+.} 33. Re5 Qb1+ (33... Qf6 34. Be4+ g6) 34. Ng1 {[%emt 0:00:01] Intending Qh3+ and mate.} Rc8 35. Be4+ {[%emt 0:00:13] Weighted Error Value: White=0.52/Black=0.37.  Loses game:     	---       	Black=2      Mistake:       	White=3     	Black=3      Inaccurate:     	---       	Black=2      OK:         	White=5     	Black=6      Best:        	White=5     	Black=1      Strong:       	---       	Black=2      Brilliant:      	---       	Black=1} 1-0